 Dungeon Crawl Stone Soup version 0.32-a0-607-g64ea0e4219 (webtiles) character file.

Game seed: 14850921434973309999

4715 ezpacito the Trooper (level 10, -5/76 (79) HPs)
             Began as a Coglin Chaos Knight on Mar 4, 2024.
             Was a Plaything of Xom.
             Slain by an orc sorcerer
             ... wielding a +0 war axe
              (14 damage)
             ... in a bailey.
             The game lasted 00:11:55 (7260 turns).

ezpacito the Trooper (Coglin Chaos Knight)          Turns: 7260, Time: 00:11:56

HP:   -5/76 (79)    AC: 12    Str: 19    XL:     10   Next: 45%
MP:   14/14         EV: 11    Int: 15    God:    Xom [..*...]
Gold: 417           SH:  0    Dex: 13    Spells: 8/15 levels left

rFire   + . .        m - +3 demon trident (venom) {Shu}
rCold   . . .        o - +6 long sword "Taffez" {freeze, Str+3}
rNeg    . . .        k - +0 scale mail of Zousacil {rPois rF+}
rPois   +            u - +1 helmet
rElec   .            w - scarf {harm}
rCorr   .            (no gloves)
SInv    .            v - +0 pair of boots
Will    .....        (amulet unavailable)
Stlth   +            (ring unavailable)
HPRegen 0.32/turn    (ring unavailable)
MPRegen 0.14/turn    (no gizmo)

%: harm (+30% outgoing, +20% incoming)
@: lightly drained, revved
A: off-hand wielding, slow wielding, warmup strikes, no jewellery, clever 1,
shaggy fur 1, no potion heal 1
a: Invent Gizmo, Renounce Religion


You were in a bailey.
You worshipped Xom.
You were a toy of Xom.
You visited 2 branches of the dungeon, and saw 8 of its levels.
You also visited: Bailey.

You collected 417 gold pieces.

Inventory:

Hand Weapons
 a - a +1 hand axe of chaos {Gustavo}
 d - a +0 broad axe
 e - a +0 spear {Otto}
 l - a +2 morningstar of venom {Ana}
 m - a +3 demon trident of venom (weapon) {Shu}
 o - the +6 long sword "Taffez" (offhand) {freeze, Str+3}
   (You found it on level 7 of the Dungeon)

   Str+3:     It affects your strength (+3).
Missiles
 g - 5 atropa-tipped darts
 t - 5 javelins (quivered)
 z - 9 poisoned darts
Armour
 f - a +0 chain mail
 k - the +0 scale mail of Zousacil (worn) {rPois rF+}
   (You found it on level 6 of the Dungeon)

   rF+:       It protects you from fire.
   rPois:     It protects you from poison.
 u - a +1 helmet (worn)
 v - a +0 pair of boots (worn)
 w - a scarf of harm (worn)
 C - the +2 robe of the Desolation of Salt {rElec rC+ Slay+3}
   (You found it on level 2 of the Dungeon)

   Slay+3:    It affects your accuracy & damage with ranged weapons and melee
   (+3).
   rC+:       It protects you from cold.
   rElec:     It insulates you from electricity.
Magical Staves
 i - a staff of cold
 x - a staff of earth
Jewellery
 A - the ring of Daffodils {rN+ Will- Str+3 SInv Stlth+}
   (You found it on level 5 of the Dungeon)

   [ring of see invisible]

   Str+3:     It affects your strength (+3).
   rN+:       It protects you from negative energy.
   Will-:     It decreases your willpower.
   SInv:      It lets you see invisible.
   Stlth+:    It makes you more stealthy.
Wands
 s - a wand of warping (6)
Scrolls
 c - 2 scrolls of silence
 j - 3 scrolls of fog
Potions
 b - a potion of cancellation
 h - 4 potions of lignification
 q - a potion of curing


   Skills:
 * Level 7.1 Fighting
 + Level 0.7 Long Blades
 * Level 7.1(7.7) Axes
 + Level 4.1(5.9) Polearms
 * Level 6.1 Armour
 + Level 4.0 Dodging
 + Level 3.9 Stealth
 - Level 3.0 Spellcasting
 + Level 1.9 Alchemy
 + Level 5.3 Evocations


You had 8 spell levels left.
You knew the following spells:

 Your Spells              Type           Power      Damage    Failure   Level
a - Necrotise             Necr           8%         1d4       47%         1
b - Sting                 Conj/Alch      20%        1d4       36%         1
c - Animate Armour        Summ/Erth      4%         N/A       99%         4
g - Apportation           Tloc           4%         N/A       47%         1

Your spell library contained the following spells:

 Spells                   Type           Power      Damage    Failure   Level
 Magic Dart               Conj           8%         1d3       47%         1
 Sandblast                Erth           4%         2d4       47%         1
 Summon Small Mammal      Summ           8%         N/A       47%         1
 Searing Ray              Conj           4%         2d4       63%         2
 Fugue of the Fallen      Necr           2%         N/A       85%         3
 Ozocubu's Armour         Ice            2%         N/A       85%         3
 Passwall                 Erth           2%         N/A       85%         3
 Stone Arrow              Conj/Erth      4%         3d7       85%         3
 Fulminant Prism          Conj/Alch      2%         3d5       98%         4
 Brom's Barrelling Bould  Conj/Erth      2%         2d3       99%         4
 Manifold Assault         Tloc           2%         N/A       99%         4
 Summon Forest            Summ/Tloc      1%         N/A       100%        5
 Eringya's Noxious Bog    Alch           4%         4d6       100%        6
 Summon Hydra             Summ           1%         N/A       100%        7
 Lehudib's Crystal Spear  Conj/Erth      1%         10d2      100%        8


Dungeon Overview and Level Annotations

Branches:
Dungeon (7/15)             Temple (1/1) D:5          Bailey (1/1)

Altars:
Ashenzari
Cheibriados
Dithmenos
Elyvilon
Fedhas
Gozag
Hepliaklqana
Nemelex Xobeh
Okawaru
Qazlal
Ru
Trog
Uskayaw
Vehumet
Xom
Zin
The Shining One

Shops:
D:3 [   D:5 :


Innate Abilities, Weirdness & Mutations

You can wield a second weapon in your off-hand.
It takes a long time for you to wield or remove held weapons.
Your first few attacks do less damage.
You cannot equip rings or amulets.
Your mind is acute. (Int +4, Str/Dex -1)
You are covered in fur. (AC +1)
Potions are less effective at restoring your health.


Message History

You regained 2 hp, and now have 63/79 hp.
You hit the orc warrior with your +3 demon trident of venom.
The orc warrior is poisoned.
The orc warrior is lightly wounded.
You hit the orc warrior with the +6 long sword "Taffez".
You freeze the orc warrior.
The orc warrior hits you with a +0 war axe!
You take 9 damage, and have 54/79 hp.
You puncture the orc warrior with your +3 demon trident of venom!
The orc warrior looks as sick as possible!
The orc warrior is severely wounded.
You hit the orc warrior but do no damage.
The orc warrior hits you with a +0 war axe!
You take 7 damage, and have 47/79 hp.
You barely miss the orc warrior with the +6 long sword "Taffez".
The orc warrior is severely wounded.
You closely miss the orc warrior with your +3 demon trident of venom.
The orc sorcerer hits you but does no damage.
The orc warrior hits you with a +0 war axe!
There is an open door, spattered with blood here.
Items here: ))) [[[ †.
You take 12 damage, and have 35/79 hp.
You miss the orc warrior with your +3 demon trident of venom.
The orc warrior is severely wounded.
You barely miss the orc warrior with the +6 long sword "Taffez".
The orc sorcerer casts a spell at you. The bolt of negative energy hits you!!
You feel drained.
* * * LOW HITPOINT WARNING * * *
A shower of butterflies erupts from you!
The bolt of negative energy hits your butterfly!!
Your butterfly is drained!
Your butterfly dies!
Your butterfly disappears in a puff of smoke!
The orc warrior hits you with a +0 war axe.
* * * LOW HITPOINT WARNING * * *
The orc warrior barely misses your butterfly.
The orc warrior closely misses your butterfly.
The orc sorcerer hits you with a +0 war axe!
You die...
Xom cackles wildly!

###..######.######..###≈≈≈≈≈
#..o.#[ #...#.))#....#≈≈≈≈≈
#.)).# #...#.))#....#≈≈≈≈≈
#'## #ß.ß###+##'#'#≈≈≈≈≈
#.o# #...# #..#.~≈≈≈≈≈ #..#
#ß.ß# #..#.~≈≈≈≈≈ #..# #b..#
#..#.~≈≈≈≈≈ #..# #bo§#
#..#.~≈≈≈≈≈ #))# ##@##
#))#.~≈≈≈≈≈
##)#...bobb....#÷##.~≈≈≈≈≈
#..#....._.....#..#.~≈≈≈≈≈
#.ß#...........#ß.#.~≈≈≈≈≈
#..#...........#..#.~≈≈≈≈≈
#)ß#############ß.#.~≈≈≈≈≈
#.....#######...).#.~≈≈≈≈≈
#.ß...#.....#...ß.#))≈≈≈≈≈
#.))..#.....#.))..#.~≈≈≈≈≈


You could see an orc sorcerer (ally target) and an orc warrior (very poisoned).

Vanquished Creatures
  An orc high priest (Bailey)
  Grinder (D:5)
  Eustachio (D:4)
  2 steam dragons
  A water moccasin (D:6)
  A sky beast (D:7)
  8 orc warriors
  A black bear (D:5)
  An ice beast (D:5)
  2 ogres
  2 phantoms
  4 scorpions
  4 wights (D:6)
  3 electric eels (Bailey)
  3 hounds
  3 jellies
  2 orc priests
  Ijyb (D:3)
  2 iguanas
  An orc wizard (D:6)
  6 gnolls
  12 adders
  A shadow imp (D:5)
  A white imp (D:7)
  A dart slug (D:2)
  A ribbon worm (D:3)
  22 orcs
  9 ball pythons
  5 endoplasms
  2 giant cockroaches
  7 goblins
  11 hobgoblins
  2 jackals (D:2)
  5 kobolds
  6 quokkas
  8 bats
  2 frilled lizards (D:1)
  5 rats
  2 butterflies (D:3)
152 creatures vanquished.

Vanquished Creatures (collateral kills)
  2 orc knights (Bailey)
  An orc (D:4)
  4 goblins (Bailey)
  A hobgoblin (Bailey)
  A ball python (D:4)
  2 kobolds (D:4)
  A rat zombie (D:3)
12 creatures vanquished.

Vanquished Creatures (others)
  2 gnolls (Bailey)
  A shadow imp (D:6)
3 creatures vanquished.

Grand Total: 167 creatures vanquished

Notes
Turn   | Place    | Note
-------+----------+-------------------------------------------
     0 | D:1      | ezpacito the Coglin Chaos Knight began the quest for the
                  | Orb.
     0 | D:1      | Reached XP level 1. HP: 18/18 MP: 1/1
    85 | D:1      | Reached skill level 1 in Dodging
    94 | D:1      | Reached XP level 2. HP: 21/24 MP: 2/2
   231 | D:1      | XOM: silly message
   370 | D:1      | Reached XP level 3. HP: 25/29 MP: 3/3
   673 | D:1      | XOM: silly message
   788 | D:1      | XOM: silly message
  1025 | D:2      | Reached XP level 4. HP: 15/35 MP: 4/4
  1529 | D:2      | Identified the +2 robe of the Desolation of Salt {rElec rC+
                  | Slay+3}
  1782 | D:3      | Reached skill level 1 in Polearms
  1823 | D:3      | Found Adiotwaq's Antique Armour Shop.
  2046 | D:3      | XOM: god gift: wand of quicksilver (4)
  2196 | D:3      | Noticed Ijyb
  2209 | D:3      | Killed Ijyb
  2210 | D:3      | Reached skill level 1 in Stealth
  2210 | D:3      | Reached XP level 5. HP: 34/42 MP: 6/6
  2264 | D:3      | Found a shimmering altar of Xom.
  2357 | D:3      | Found a hazy altar of Hepliaklqana.
  2471 | D:4      | XOM: stealth player
  2498 | D:4      | XOM: summons friendly shadow imp
  2561 | D:4      | Found a sacrificial altar of Ru.
  2565 | D:4      | Reached skill level 1 in Spellcasting
  2567 | D:4      | Learned a level 1 spell: Necrotise
  2569 | D:4      | Learned a level 1 spell: Sting
  2574 | D:4      | Learned a level 4 spell: Animate Armour
  2772 | D:4      | XOM: polymorph orc priest -> bat
  2852 | D:4      | Reached skill level 1 in Evocations
  2852 | D:4      | Reached XP level 6. HP: 37/48 MP: 7/7
  2916 | D:4      | Learned a level 1 spell: Apportation
  2927 | D:4      | XOM: summons friendly ufetubus
  3057 | D:4      | Noticed Eustachio
  3067 | D:4      | Killed Eustachio
  3068 | D:4      | Reached XP level 7. HP: 51/55 MP: 7/9
  3180 | D:5      | Entered Level 5 of the Dungeon
  3211 | D:5      | Noticed Grinder
  3215 | D:5      | Paralysed by Grinder for 3 turns
  3228 | D:5      | Killed Grinder
  3511 | D:5      | Found a stormy altar of Qazlal.
  3562 | D:5      | XOM: enchant monster (good)
  3574 | D:5      | Identified the ring of Daffodils {rN+ Will- Str+3 SInv
                  | Stlth+}
  3623 | D:5      | XOM: cleaving
  3731 | D:5      | Found a staircase to the Ecumenical Temple.
  3736 | Temple   | Entered the Ecumenical Temple
  3776 | D:5      | Reached XP level 8. HP: 19/61 MP: 10/10
  4059 | D:5      | XOM: stat loss: -1 Int (10/11)
  4069 | D:5      | Found Cuplaax's Tremendous Tomes.
  4258 | D:5      | Reached skill level 5 in Fighting
  4258 | D:5      | Reached skill level 5 in Axes
  4276 | D:5      | You fall into a shaft and drop 1 floor!
  4472 | D:6      | XOM: noise
  4525 | D:6      | XOM: butterfly on damage
  4707 | D:6      | XOM: swap monsters
  4715 | D:6      | Gained mutation: Potions are less effective at restoring
                  | your health. [potion of mutation]
  4715 | D:6      | Gained mutation: You are covered in fur. (AC +1) [potion of
                  | mutation]
  4715 | D:6      | Gained mutation: Your mind is acute. (Int +4, Str/Dex -1)
                  | [potion of mutation]
  4723 | D:6      | Reached XP level 9. HP: 41/68 MP: 12/12
  5143 | D:6      | Identified the +0 scale mail of Zousacil {rPois rF+}
  5361 | D:6      | XOM: noise
  5773 | D:7      | XOM: summons 4 hostile demons
  5906 | D:7      | XOM: divination: detect creatures
  5954 | D:7      | Reached skill level 5 in Armour
  5985 | D:7      | Identified the +6 long sword "Taffez" {freeze, Str+3}
  6027 | D:7      | Found a flagged portal.
  6054 | Bailey   | Entered a bailey
  6119 | Bailey   | Noticed an orc knight
  6126 | Bailey   | Noticed an orc knight
  6127 | Bailey   | Killed an orc knight
  6139 | Bailey   | Killed an orc knight
  6140 | Bailey   | Reached skill level 1 in Alchemy
  6140 | Bailey   | Reached XP level 10. HP: 23/77 MP: 14/14
  6332 | Bailey   | Reached skill level 5 in Evocations
  6576 | Bailey   | XOM: god gift: staff of cold
  6670 | Bailey   | XOM: scenery: 2 doors close
  7176 | Bailey   | Acquired a +3 demon trident of venom
  7248 | Bailey   | Found an iron altar of Okawaru.
  7248 | Bailey   | Noticed an orc sorcerer
  7248 | Bailey   | Noticed an orc high priest
  7255 | Bailey   | Killed an orc high priest
  7260 | Bailey   | XOM: butterfly on damage
  7260 | Bailey   | Slain by an orc sorcerer

Illustrated notes

Levels and vault maps discovered:
D:1:      dpeg_arrival_houses_and_road, layout_basic,
          minmay_misc_feat_four_crosses, minmay_heptomino_w4
D:2:      layout_rooms, grunt_decor_resistance
D:3:      layout_loops_corners, xom_butterflies, mainiacjoe_overflow_alcove_4,
          serial_shops, nicolae_shop_rolling_square, minmay_misc_feat_cross,
          uniq_ijyb
D:4:      layout_basic, nicolae_ru_awakened_eye, minmay_joined_circles,
          uniq_eustachio
D:5:      layout_loops_corners, mainiacjoe_overflow_small_starburst,
          temple_doors_e, nicolae_shop_i_like_big_books, uniq_grinder
D:6:      minmay_general_purpose_star, layout_loops_ring, serial_glass,
          glass_columns_b, glass_columns_a, nicolae_eternal_life
D:7:      layout_loops_ring, led_sif_pool, enter_bailey_2,
          hangedman_decor_opposing, uniq_jeremiah
Temple:   cyrus_circular_temple
Bailey:   bailey_axe_of_yendor_kennysheep, bailey

Skill      XL: |  1  2  3  4  5  6  7  8  9 10 |
---------------+-------------------------------+-----
Dodging        | 1 2 3 4 |  4.0
Armour         | 2 3 4 5 6 |  6.1
Polearms       | 1 2 3 4 |  4.1
Stealth        | 1 2 3 |  3.9
Spellcasting   | 1 2 3 |  3.0
Fighting       | 4 5 6 7 |  7.1
Axes           | 4 5 6 7 |  7.1
Evocations     | 1 2 3 4 5 |  5.3
Alchemy        | 1 |  1.9
Long Blades    | |  0.7

Action                     |  1- 3 |  4- 6 |  7- 9 | 10-12 || total
---------------------------+-------+-------+-------+-------++-------
  Melee: Hand axe          |    81 |   103 |   130 |    24 ||   338
         Dagger            |    59 |       |       |       ||    59
         Spear             |    14 |   103 |    80 |       ||   197
         Morningstar       |       |       |    52 |       ||    52
         Long sword        |       |       |    11 |    36 ||    47
         Demon trident     |       |       |       |     7 ||     7
  Throw: Javelin           |       |     2 |       |       ||     2
  Evoke: Wand              |       |       |     3 |     6 ||     9
    Use: Scroll            |       |     8 |    11 |     2 ||    21
         Potion            |       |       |     5 |     4 ||     9
   Stab: Paralysed         |     2 |       |       |       ||     2
         Sleeping          |       |     4 |     3 |       ||     7
         Invisible         |       |       |     4 |       ||     4
         Petrified         |       |       |     9 |       ||     9
         Distracted        |       |       |     1 |       ||     1
         Confused          |       |       |     1 |       ||     1
 Armour: Leather armour    |    84 |       |       |       ||    84
         Robe              |       |    50 |    53 |       ||   103
         Chain mail        |       |    15 |       |       ||    15
         Scale mail        |       |       |    33 |    55 ||    88
  Dodge: Dodged            |    57 |    55 |    81 |    17 ||   210

Table legend: (Time is in decaauts)
 A = Elapsed time spent in this place.
 B = Non-inter-level travel time spent in this place.
 C = Inter-level travel time spent in this place.
 D = Time resting spent in this place.
 E = Time spent auto-exploring this place.
 F = Levels seen in this place.
 G = Mean time per level.
                   A        B        C        D        E       F      G
               +--------+--------+--------+--------+--------+-----+--------+
         Total |   7296 |   6981 |    315 |   1231 |   4230 |   9 |  810.7 |
       Dungeon |   6071 |   5756 |    315 |    331 |   4196 |   7 |  867.3 |
        Temple |      1 |      1 |      0 |      0 |      0 |   1 |    1.0 |
        Bailey |   1223 |   1223 |      0 |    900 |     34 |   1 | 1223.0 |
               +--------+--------+--------+--------+--------+-----+--------+

Top non-repeatable levels by time:
     D:6: 1347 daAuts
     D:5: 1227 daAuts
  Bailey: 1223 daAuts
     D:3: 892 daAuts
     D:1: 856 daAuts
     D:2: 731 daAuts
     D:4: 711 daAuts
     D:7: 304 daAuts
  Temple: 1 daAuts
